[Event "Titled Tuesday Blitz January 18 2022"]
[White "Tania, Sachdev"]
[Black "Kalogridis, Antonios"]
[WhiteFideId "5007844"]
[BlackFideId "25833901"]
[WhiteElo "2280"]
[BlackElo "1495"]
[Result "0-1"]
[Round "11"]
[TimeControl "180+1"]
[Date "2022.01.18"]
[WhiteClock "0:00:01"]
[BlackClock "0:00:08"]

1. d4 Nf6 2. c4 g6 3. Nc3 d5 4. cxd5 Nxd5 5. e4 Nxc3 6. bxc3 Bg7 7. Be3 c5 8. Rc1 Qa5 9. Bc4 cxd4 10. Bxd4 O-O 11. Bxg7 Kxg7 12. Ne2 Nc6 13. O-O Bg4 14. Qc2 Ne5 15. Bb3 Rfd8 16. f3 Qb6+ 17. Nd4 Bd7 18. Rb1 Rac8 19. Kh1 Qf6 20. Qf2 Rxc3 21. Ne2 Rcc8 22. Qxa7 Bc6 23. Nc3 Ra8 24. Qg1 e6 25. Nd1 Rd2 26. Ne3 Rad8 27. Rf2 Rxf2 28. Qxf2 Bxe4 29. Rf1 Bc6 30. h4 Nd3 31. Qg3 Rd4 32. Ng4 Qf4 33. Qxf4 Nxf4 34. g3 Ne2 35. Kh2 Rd2 36. Rf2 Nd4 37. Kg2 Nxf3 38. Rxd2 Nxd2+ 39. Kf2 Nxb3 40. axb3 f6 41. b4 e5 42. Ke3 h5 43. Nf2 Kf7 44. Nd3 Ke6 45. Nc5+ Kd5 46. Ne4 Ke6 47. Nc5+ Kf5 48. Nb3 Kg4 49. Kf2 f5 50. Nc5 f4 51. gxf4 exf4 52. Ne6 Kxh4 53. Nxf4 Kg5 54. Ne6+ Kf6 55. Nd4 Ke5 56. Nc2 Ke4 57. Kg3 g5 58. Ne1 Bd7 59. Nf3 h4+ 60. Kf2 Kf4 61. Nd4 h3 62. Ne2+ Kg4 63. Nc3 Kh4 64. b5 g4 65. Ne4 Bxb5 66. Ng3 Bc6 67. Nf5+ Kg5 68. Ne3 b5 69. Kg3 Bf3 70. Nc2 Kf5 71. Nb4 Ke4 72. Nc2 Kd3 73. Ne1+ Kd2 0-1


[Site "https://www.chess.com"]

[Event "Titled Tuesday Blitz January 18 2022"]
[White "Timofeev, Artyom"]
[Black "Harshavardhan G B"]
[WhiteFideId "4140419"]
[BlackFideId "25059009"]
[WhiteElo "2583"]
[BlackElo "1831"]
[Result "0-1"]
[Round "11"]
[TimeControl "180+1"]
[Date "2022.01.18"]
[WhiteClock "0:00:16"]
[BlackClock "0:00:14"]

1. d4 Nf6 2. Nf3 e6 3. Bg5 c5 4. e3 b6 5. Nc3 h6 6. Bxf6 Qxf6 7. d5 Bb7 8. Bc4 a6 9. a4 e5 10. Ne4 Qg6 11. Bd3 Qxg2 12. Rg1 Qh3 13. Nxe5 Bxd5 14. Qe2 Qe6 15. f4 d6 16. O-O-O dxe5 17. f5 Qc6 18. Nc3 Bf3 19. Qf1 Nd7 20. Rd2 Be7 21. Bxa6 Rxa6 22. Qxa6 O-O 23. Qa7 Rd8 24. Rg3 Bg5 25. Kb1 e4 26. Nd5 Ne5 27. Rxg5 Rxd5 28. Rxd5 Qxd5 29. Rg1 Ng4 30. Qxb6 Qxf5 31. a5 Nxe3 32. a6 Nc4 33. Qb8+ Kh7 34. a7 e3 35. a8=Q Bxa8 36. Qxa8 e2 37. Re1 Nd2+ 38. Ka1 Qf1 39. Qh1 Qxh1 40. Rxh1 Nf1 0-1


[Site "https://www.chess.com"]

[Event "Titled Tuesday Blitz January 18 2022"]
[White "Tregubov, Pavel V."]
[Black "Bryakin, Mikhail"]
[WhiteFideId "4115341"]
[BlackFideId "4165314"]
[WhiteElo "2341"]
[BlackElo "2421"]
[Result "1/2-1/2"]
[Round "11"]
[TimeControl "180+1"]
[Date "2022.01.18"]
[WhiteClock "0:00:17"]
[BlackClock "0:00:07"]

1. e4 Nf6 2. e5 Nd5 3. d4 d6 4. Nf3 Nc6 5. Be2 g6 6. O-O Bg7 7. c4 Nb6 8. exd6 cxd6 9. h3 O-O 10. Nc3 e5 11. Be3 Re8 12. Rc1 e4 13. Ng5 f5 14. c5 h6 15. Qb3+ d5 16. cxb6 hxg5 17. Qxd5+ Kh7 18. Qxd8 Nxd8 19. Bxg5 Ne6 20. h4 Nxd4 21. Bc4 axb6 22. Nd5 b5 23. Nf6+ Bxf6 24. Bxf6 bxc4 25. Bxd4 b5 26. a3 Be6 27. Bf6 Kg8 28. Rfd1 Kf7 29. Bg5 Ra7 30. Rd6 Rd7 31. Rcd1 Rxd6 32. Rxd6 Rb8 33. Bd2 Rb7 34. Bc3 Ke7 35. Bb4 Kf6 36. Kh2 f4 37. Bc3+ Kf5 38. Rc6 Rd7 39. Rb6 Rd5 40. g3 fxg3+ 41. Kxg3 Rc5 42. Bd4 Rd5 43. Be3 Ke5 44. Rb8 Kf6 45. Rb6 Kf5 46. Rb8 Kf6 47. Kf4 Bf5 48. Rb6+ Kf7 49. Kg5 Bd7+ 50. Kf4 Bf5 51. Rb8 Ke6 52. Rb7 Kf6 53. Rb6+ Kf7 1/2-1/2


[Site "https://www.chess.com"]

[Event "Titled Tuesday Blitz January 18 2022"]
[White "Vargas, Gabriela"]
[Black "Coto Mederos, Michel"]
[WhiteFideId "3700860"]
[BlackFideId "3508528"]
[WhiteElo "2110"]
[BlackElo "2427"]
[Result "0-1"]
[Round "11"]
[TimeControl "180+1"]
[Date "2022.01.18"]
[WhiteClock "0:00:37"]
[BlackClock "0:00:05"]

1. Nf3 d5 2. g3 Nf6 3. Bg2 c5 4. O-O Nc6 5. d4 e6 6. c4 Be7 7. Nc3 O-O 8. dxc5 Bxc5 9. cxd5 exd5 10. Bg5 Be6 11. Rc1 Be7 12. Nd4 Qb6 13. Nxc6 bxc6 14. Na4 Qb5 15. Be3 Nd7 16. b3 Ba3 17. Rc2 Bf5 18. Rd2 Rfe8 19. Bd4 Bg4 20. Re1 Bb4 21. Bc3 Bxc3 22. Nxc3 Qa5 23. Qc2 Re6 24. h3 Bh5 25. e3 d4 26. Ne4 Bg6 27. exd4 Rae8 28. Rde2 Qb4 29. f3 Qxd4+ 30. Kh2 Bxe4 31. Rxe4 Rxe4 32. Rxe4 Rxe4 33. Qxe4 Qxe4 34. fxe4 Ne5 35. Bf1 Kf8 36. Kg2 Ke7 37. Kf2 Kd6 38. Ke3 Kc5 39. a3 f6 40. b4+ Kd6 41. Kd4 g6 42. Be2 Nd7 43. h4 c5+ 44. bxc5+ Nxc5 45. Bc4 Nd7 46. Bg8 h6 47. Bh7 Ne5 48. Bg8 Nd7 49. Bd5 Ne5 50. Bg8 g5 51. Bd5 gxh4 52. gxh4 Nf3+ 53. Kc4 Nxh4 54. Kb5 Nf3 55. Ka6 h5 56. Bf7 h4 57. Bh5 Ne5 58. Be2 h3 59. Bf1 h2 60. Bg2 Nc4 61. a4 Nb2 62. a5 Nc4 63. Kb5 Ne3 64. Bh1 Ng4 65. Ka6 Nf2 66. Bg2 h1=Q 67. Bxh1 Nxh1 68. Kxa7 Kc7 69. Ka6 Nf2 70. Kb5 Nxe4 0-1


[Site "https://www.chess.com"]

[Event "Titled Tuesday Blitz January 18 2022"]
[White "Vignesh, N R"]
[Black "Salinas Herrera, Pablo"]
[WhiteFideId "25012215"]
[BlackFideId "3407128"]
[WhiteElo "2395"]
[BlackElo "2541"]
[Result "1-0"]
[Round "11"]
[TimeControl "180+1"]
[Date "2022.01.18"]
[WhiteClock "0:00:45"]
[BlackClock "0:00:02"]

1. d4 d5 2. c4 c6 3. cxd5 cxd5 4. Bg5 h6 5. Bh4 Bf5 6. Nc3 Nc6 7. e3 Qd7 8. Nf3 e6 9. Bb5 Bd6 10. Bg3 a6 11. Bxc6 Qxc6 12. Qb3 Bxg3 13. hxg3 Nf6 14. Ne5 Qc7 15. Qa4+ Kf8 16. O-O g5 17. Rfc1 Qe7 18. Qa5 Kg7 19. Na4 Rac8 20. Nb6 Rc7 21. Rxc7 Qxc7 22. Qc5 Qxc5 23. dxc5 Ne4 24. b4 f6 25. Nf3 Nc3 26. Nd4 Kg6 27. a4 e5 28. Nxf5 Kxf5 29. f3 d4 30. Kf2 dxe3+ 31. Kxe3 Rd8 32. Nc4 Nd5+ 33. Ke2 Nxb4 34. Rb1 Na2 35. Ne3+ Kg6 36. Rxb7 Nc3+ 37. Ke1 Nxa4 38. c6 Rc8 39. Nd5 Kh5 40. c7 Re8 41. Nxf6+ 1-0


[Site "https://www.chess.com"]

[Event "Titled Tuesday Blitz January 18 2022"]
[White "Vlassov, Nikolai"]
[Black "Osmak, Yuliia"]
[WhiteFideId "4103360"]
[BlackFideId "14101602"]
[WhiteElo "2407"]
[BlackElo "2302"]
[Result "1-0"]
[Round "11"]
[TimeControl "180+1"]
[Date "2022.01.18"]
[WhiteClock "0:00:56"]
[BlackClock "0:00:01"]

1. e4 e5 2. Bc4 Nf6 3. d3 Nc6 4. Nf3 Be7 5. O-O O-O 6. Re1 d6 7. a4 a6 8. c3 Bg4 9. Nbd2 d5 10. exd5 Nxd5 11. h3 Bh5 12. a5 Kh8 13. Qb3 Nf4 14. Qxb7 Qd6 15. Ne4 Qg6 16. Bxf4 Bxf3 17. Bg3 f5 18. gxf3 fxe4 19. Qxc7 Bh4 20. Kh2 Bxg3+ 21. fxg3 Rxf3 22. Rg1 exd3 23. Bd5 Rf2+ 24. Rg2 Rf6 25. Re1 Raf8 26. Be4 Qg5 27. Bxc6 d2 28. Rd1 h5 29. Rdxd2 h4 30. Rde2 Qh6 31. Bb7 hxg3+ 32. Rxg3 Rf2+ 33. Rxf2 Rxf2+ 34. Bg2 Rf8 35. Qxe5 1-0


[Site "https://www.chess.com"]

[Event "Titled Tuesday Blitz January 18 2022"]
[White "Wagner, Dennis"]
[Black "Bortnyk, Olexandr"]
[WhiteFideId "24650684"]
[BlackFideId "14120828"]
[WhiteElo "2355"]
[BlackElo "2723"]
[Result "0-1"]
[Round "11"]
[TimeControl "180+1"]
[Date "2022.01.18"]
[WhiteClock "0:00:03"]
[BlackClock "0:00:05"]

1. d4 f5 2. Nf3 Nf6 3. c4 d6 4. Nc3 g6 5. e3 Bg7 6. b4 c5 7. bxc5 dxc5 8. Bb2 cxd4 9. exd4 Nc6 10. d5 Qb6 11. Na4 Qa5+ 12. Bc3 Nb4 13. a3 Nfxd5 14. axb4 Bxc3+ 15. Nxc3 Qxb4 16. cxd5 Qxc3+ 17. Nd2 O-O 18. Bc4 b5 19. Ba2 Qe5+ 20. Kf1 Rd8 21. Nf3 Qd6 22. Qe2 a5 23. h4 a4 24. h5 b4 25. Bc4 Ba6 26. hxg6 hxg6 27. Kg1 b3 28. Bxa6 Rxa6 29. Nd4 Qf6 30. Re1 Rxd5 31. Qc4 Rd6 32. Nb5 Rd7 33. Nc7 Qd4 34. Qc6 R5d6 35. Qa8+ Rd8 36. Qf3 Qd2 37. Rxe7 Qc1+ 38. Kh2 Qh6+ 39. Kg3 Qg5+ 40. Kh2 Qxe7 41. Nb5 Rd3 42. Qc6 Qh4+ 43. Kg1 Rd1# 0-1


[Site "https://www.chess.com"]

[Event "Titled Tuesday Blitz January 18 2022"]
[White "Weishaeutel, Moritz"]
[Black "Ezat, Mohamed"]
[WhiteFideId "12967300"]
[BlackFideId "10600906"]
[WhiteElo "2002"]
[BlackElo "2386"]
[Result "0-1"]
[Round "11"]
[TimeControl "180+1"]
[Date "2022.01.18"]
[WhiteClock "0:00:01"]
[BlackClock "0:00:30"]

1. e4 c6 2. Nc3 d5 3. Nf3 Bg4 4. h3 Bh5 5. exd5 cxd5 6. Bb5+ Nc6 7. g4 Bg6 8. Ne5 Rc8 9. d4 e6 10. Qe2 Bb4 11. h4 Ne7 12. h5 Be4 13. f3 O-O 14. Bxc6 Nxc6 15. Nxc6 Rxc6 16. fxe4 Rxc3 17. Kd1 dxe4 18. Qxe4 Rc6 19. c3 Be7 20. Kc2 Qa5 21. g5 Rfc8 22. g6 Rxc3+ 23. bxc3 Qxc3+ 24. Kb1 Rc6 25. gxf7+ Kxf7 26. Rf1+ Bf6 27. Bb2 Rb6 28. Rf2 Ke7 29. a4 Bxd4 30. Qh4+ Bf6 31. Rxf6 Qxb2# 0-1


[Site "https://www.chess.com"]

[Event "Titled Tuesday Blitz January 18 2022"]
[White "Wong, Yinn Long"]
[Black "Vovk, Orest"]
[WhiteFideId "5707684"]
[BlackFideId "14113490"]
[WhiteElo "2055"]
[BlackElo "2203"]
[Result "1-0"]
[Round "11"]
[TimeControl "180+1"]
[Date "2022.01.18"]
[WhiteClock "0:01:08"]
[BlackClock "0:00:04"]

1. d4 d6 2. e4 Nf6 3. Nc3 e5 4. Nge2 exd4 5. Nxd4 Be7 6. Bf4 Nc6 7. Qd2 Nxd4 8. Qxd4 O-O 9. O-O-O Be6 10. Kb1 Nd7 11. f3 Bf6 12. Qd2 Nc5 13. Be3 a6 14. Bd4 Bxd4 15. Qxd4 b5 16. f4 f6 17. Be2 Rb8 18. Rhe1 b4 19. Nd5 a5 20. Bc4 Kh8 21. Ne3 Bxc4 22. Nxc4 a4 23. e5 fxe5 24. fxe5 b3 25. cxb3 axb3 26. a3 Qg5 27. exd6 cxd6 28. Nxd6 Ra8 29. Re2 Qg6+ 30. Ka1 Na4 31. Nc4 h6 32. Ne5 Qf5 33. g4 1-0


[Site "https://www.chess.com"]

[Event "Titled Tuesday Blitz January 18 2022"]
[White "Yang, Kaiqi"]
[Black "Santos Flores, Alberto"]
[WhiteFideId "8604398"]
[BlackFideId "3601234"]
[WhiteElo "2373"]
[BlackElo "2293"]
[Result "1-0"]
[Round "11"]
[TimeControl "180+1"]
[Date "2022.01.18"]
[WhiteClock "0:00:10"]
[BlackClock "0:00:04"]

1. c4 c5 2. Nf3 g6 3. Nc3 Bg7 4. g3 Nc6 5. Bg2 e6 6. O-O Nge7 7. d4 cxd4 8. Nb5 d5 9. cxd5 exd5 10. Nbxd4 O-O 11. Bg5 h6 12. Be3 Nf5 13. Nxf5 Bxf5 14. Nd4 Be4 15. Nxc6 bxc6 16. Bxe4 dxe4 17. Qc2 Qd5 18. Rfd1 Qe6 19. Bd4 Rfd8 20. Bxg7 Kxg7 21. b3 Rd5 22. Rac1 Rad8 23. Rxd5 cxd5 24. e3 d4 25. exd4 Rxd4 26. Qb2 Qf6 27. Kg2 h5 28. h4 Kh7 29. Qc3 Kg7 30. Rc2 Rd3 31. Qxf6+ Kxf6 32. Rc7 Rd2 33. Rxa7 e3 34. Ra4 e2 35. Re4 Rxa2 36. Kf3 Rb2 37. Rxe2 Rxb3+ 38. Kg2 Kg7 39. Re4 Rb6 40. Re3 Rf6 41. Rf3 Rxf3 42. Kxf3 Kf6 43. Kf4 Kg7 44. Kg5 f6+ 45. Kf4 Kf7 46. Ke4 Ke6 47. f3 Kd6 48. g4 Ke6 49. Kf4 Kf7 50. gxh5 gxh5 51. Kf5 Kg7 52. Ke6 Kg6 53. f4 Kg7 54. f5 Kh7 55. Kxf6 Kg8 56. Kg5 Kg7 57. Kxh5 Kf6 58. Kg4 Kg7 59. Kg5 Kf7 60. h5 Kg7 61. h6+ 1-0


[Site "https://www.chess.com"]

[Event "Titled Tuesday Blitz January 18 2022"]
[White "Yoo, Christopher Woojin"]
[Black "Hakobyan, Aram"]
[WhiteFideId "30909694"]
[BlackFideId "13306677"]
[WhiteElo "2105"]
[BlackElo "2557"]
[Result "1-0"]
[Round "11"]
[TimeControl "180+1"]
[Date "2022.01.18"]
[WhiteClock "0:00:03"]
[BlackClock "0:00:04"]

1. e4 c6 2. Nf3 d5 3. d3 g6 4. e5 Bg4 5. d4 e6 6. c3 Bxf3 7. Qxf3 c5 8. Bb5+ Nc6 9. O-O Qb6 10. Qd3 a6 11. Ba4 Rc8 12. Nd2 Qa7 13. Nf3 b5 14. Bd1 Nh6 15. a4 b4 16. dxc5 Nf5 17. g4 Nfe7 18. Be2 Ra8 19. Be3 Bg7 20. cxb4 Nxb4 21. Qd2 Nec6 22. Rac1 h5 23. h3 hxg4 24. hxg4 Qb7 25. Bf4 Rd8 26. Kg2 d4 27. Rh1 d3 28. Rxh8+ Bxh8 29. Rh1 Bg7 30. Bd1 Nxe5 31. Bh6 Rd4 32. Rh4 Bf6 33. Bg5 Bg7 34. Bh6 Bf6 35. Bg5 Nd5 36. Bxf6 Nxf6 37. Qg5 Rxg4+ 38. Rxg4 Nfxg4 39. Kg3 Qe4 40. Qf4 Qxf4+ 41. Kxf4 Nxf3 42. Bxf3 Nf6 43. b4 d2 44. Ke3 Nd5+ 45. Kxd2 Nxb4 46. Kc3 a5 47. Kc4 Kd7 48. Kb5 Kc7 49. Kxa5 Nd3 50. Kb5 g5 51. a5 Nxf2 52. a6 g4 53. a7 gxf3 54. a8=Q Nd3 55. Qxf3 Ne5 56. Qf4 f6 57. Qxf6 Nf3 58. Qxf3 1-0


[Site "https://www.chess.com"]

[Event "Titled Tuesday Blitz January 18 2022"]
[White "Yuan, Qingyu"]
[Black "Bacrot, Etienne"]
[WhiteFideId "8609772"]
[BlackFideId "605506"]
[WhiteElo "2359"]
[BlackElo "2673"]
[Result "0-1"]
[Round "11"]
[TimeControl "180+1"]
[Date "2022.01.18"]
[WhiteClock "0:00:09"]
[BlackClock "0:00:15"]

1. Nf3 d5 2. g3 Nf6 3. Bg2 c6 4. O-O Bg4 5. h3 Bxf3 6. Bxf3 Nbd7 7. d3 h5 8. e4 e6 9. Bg2 h4 10. g4 Qc7 11. g5 Nh5 12. Qg4 dxe4 13. Qxe4 O-O-O 14. Be3 Bc5 15. Nd2 Bxe3 16. Qxe3 Nf4 17. Qxa7 Ne5 18. Rfe1 Neg6 19. Bf1 Rd5 20. Ne4 Ne5 21. Re3 Ra5 22. Nd6+ Kd7 23. Qd4 Qxd6 24. Qxf4 Ke7 25. Rae1 Ng6 26. Qxd6+ Kxd6 27. a3 Rxg5+ 28. Kh2 Ra8 29. Bg2 Rb5 30. b3 Rxa3 31. Re4 Rg5 32. Rd4+ Ke7 33. Ree4 Rf5 34. Re2 Nf4 35. Rd2 Ng6 36. Be4 Rf4 37. Rc4 Ne5 38. Rc5 f6 39. Kg2 b6 40. Rc3 c5 41. b4 Rxc3 42. bxc5 Rxc5 43. Re2 Rxe4 44. Rxe4 Rxc2 45. d4 Rc4 46. Rxh4 Nf7 47. Rg4 g5 48. h4 gxh4 49. Rxh4 b5 50. Rh5 Rxd4 51. Rxb5 f5 52. Rb7+ Kf6 53. Rb3 Rd5 54. Kg3 Ng5 55. Kg2 Rd4 56. Ra3 Rg4+ 57. Kf1 Rf4 58. Kg2 Ne4 59. Ra2 Rxf2+ 60. Rxf2 Nxf2 61. Kxf2 Ke5 62. Kf3 Kd4 63. Kf4 e5+ 64. Kf3 Kd3 65. Kf2 Kd2 66. Kf1 e4 0-1


[Site "https://www.chess.com"]

[Event "Titled Tuesday Blitz January 18 2022"]
[White "Zhigalko, Sergei"]
[Black "Petrovskyi, Vadym"]
[WhiteFideId "13502956"]
[BlackFideId "14165210"]
[WhiteElo "2662"]
[BlackElo "2424"]
[Result "1-0"]
[Round "11"]
[TimeControl "180+1"]
[Date "2022.01.18"]
[WhiteClock "0:00:08"]
[BlackClock "0:00:07"]

1. e4 c5 2. Nf3 d6 3. d4 cxd4 4. Qxd4 Nc6 5. Bb5 Bd7 6. Bxc6 Bxc6 7. Nc3 Nf6 8. Bg5 e6 9. O-O-O Be7 10. Rhe1 O-O 11. Kb1 Rc8 12. Qd3 Qa5 13. h4 b5 14. Nd4 b4 15. Nxc6 Rxc6 16. Ne2 Rfc8 17. Rd2 h6 18. Bf4 e5 19. Be3 Nd7 20. g3 Nb6 21. Bxb6 Qxb6 22. Nc1 a5 23. Qe3 Qa6 24. Qe2 Qb6 25. Qe3 Qa6 26. Nd3 Qb5 27. Qe2 Qb7 28. b3 a4 29. Nb2 axb3 30. cxb3 Rc3 31. Na4 R3c6 32. Qd3 Qc7 33. Qf1 Rc2 34. Red1 g5 35. Nb2 Qc3 36. Rxc2 Qxc2+ 37. Ka1 gxh4 38. Nc4 Ra8 39. Nb2 hxg3 40. fxg3 Bg5 41. Qd3 Qc3 42. Kb1 Rc8 43. Qxc3 bxc3 44. Nc4 Rd8 45. Kc2 f5 46. exf5 d5 47. Nxe5 Kg7 48. Nc6 Rd6 49. Nd4 Bd2 50. Nf3 Be3 51. Kxc3 Kf6 52. g4 Rc6+ 53. Kd3 Bf4 54. Re1 Kg7 55. Re6 Rc1 56. Re7+ Kf6 57. Re6+ Kg7 58. Ke2 Rc2+ 59. Kd3 Rxa2 60. Rg6+ Kh7 61. Re6 Rb2 62. Re7+ Kg8 63. Nd4 Rb1 64. Ne6 Bg3 65. Rg7+ Kh8 66. Rg6 Rxb3+ 67. Kc2 Rb4 68. Rxh6+ Kg8 69. Rg6+ Kf7 70. Ng5+ Ke7 71. Nf3 Bf2 72. Re6+ Kf7 73. Ne5+ Kg7 74. g5 d4 75. f6+ Kf8 76. g6 Rb7 77. g7+ Rxg7 78. fxg7+ Kxg7 79. Rg6+ Kh7 80. Re6 Kg7 81. Nf3 Kf7 82. Re4 Kf6 83. Nxd4 Bg1 84. Kd3 Kf7 85. Rf4+ Ke7 86. Rg4 Bh2 87. Ke4 Kd6 88. Rh4 Bg3 89. Nf5+ 1-0